 Dungeon Crawl Stone Soup version 0.25.0-1-g7eea58d2a3 (webtiles) character file.

Game seed: 11142905629088412985

279 Esekla the Slasher (level 6, -10/32 HPs)
             Began as a Vine Stalker Abyssal Knight on June 13, 2020.
             Was a Believer of Lugonu.
             Mangled by an orc warrior
             ... wielding a +0 trident of flaming
              (14 damage)
             ... on level 4 of the Dungeon.
             The game lasted 00:12:34 (3241 turns).

Esekla the Slasher (Vine Stalker Abyssal Knight)    Turns: 3241, Time: 00:12:35

Health: -10/32     AC:  9    Str: 15    XL:     6   Next: 26%
Magic:  0/9        EV: 10    Int: 12    God:    Lugonu [**....]
Gold:   168        SH:  6    Dex: 15    Spells: 8/8 levels left

rFire    . . .     SeeInvis .   a - +1 falchion
rCold    . . .     Gourm    .   d - +2 buckler
rNeg     . . .     Faith    .   m - +4 ring mail
rPois    .         Spirit   +   (no helmet)
rElec    .         Reflect  .   (no cloak)
rCorr    .         Harm     .   (no gloves)
MR       .....                  (no boots)
Stlth    +.........             (no amulet)
HPRegen  0.50/turn              (no ring)
MPRegen  0.11/turn              (no ring)

@: no status effects
A: fangs 2, regeneration 1, magic shield, antimagic bite, no potion heal 3, rot
immunity
a: Depart the Abyss, Bend Space, Renounce Religion


You were on level 4 of the Dungeon.
You worshipped Lugonu.
Lugonu was pleased with you.
You were not hungry.

You visited 1 branch of the dungeon, and saw 4 of its levels.
You visited the Abyss 1 time.

You collected 168 gold pieces.

Inventory:

Hand Weapons
 a - a +1 falchion (weapon)
Armour
 b - a +0 leather armour
 d - a +2 buckler (worn)
 m - a +4 ring mail (worn)
Scrolls
 e - a scroll of teleportation {unknown}
 f - a scroll of immolation {unknown}
 h - 2 scrolls of magic mapping {unknown}
 i - a scroll of remove curse {unknown}
 j - a scroll of fog {unknown}
 n - a scroll of identify {unknown}
Potions
 g - 2 potions of heal wounds {unknown}
 k - 2 potions of stabbing {unknown}
 l - 2 potions of haste {unknown}
Comestibles
 c - 6 rations


   Skills:
 + Level 3.5 Fighting
 * Level 4.0 Long Blades
 + Level 2.1 Armour
 + Level 1.1 Dodging
 + Level 0.5 Stealth
 * Level 1.2 Shields
 * Level 1.8 Spellcasting
 + Level 1.9 Invocations


You had 8 spell levels left.
You didn't know any spells.
Your spell library was empty.

Dungeon Overview and Level Annotations

Branches:
Dungeon (4/15)
 Temple: D:4-7

Altars:


Innate Abilities, Weirdness & Mutations

You have extremely sharp teeth.
Your natural rate of healing is unusually fast.
When hurt, damage is shared between your health and your magic reserves.
Your bite disrupts and absorbs the magic of your enemies.
Potions cannot restore your health.
You are immune to rotting.


Message History

You hit the orc warrior.
You bite the orc warrior, but do no damage.
The orc warrior is moderately wounded.
The orc warrior completely misses you.
You barely miss the orc warrior. You bite the orc warrior. You drain its power.
You feel invigorated.
The orc warrior is moderately wounded.
You block the orc warrior's attack.
Your ring mail prevents you from hitting the orc warrior.
You bite the orc warrior, but do no damage.
The orc warrior is moderately wounded.
You block the orc warrior's attack.
You hit the orc warrior but do no damage.
The orc warrior is moderately wounded.
The orc warrior hits you with a +0 trident of flaming!
* * * LOW HITPOINT WARNING * * *
The orc warrior burns you!
* * * LOW HITPOINT WARNING * * *
The orc warrior hits you from afar with a +0 trident of flaming!
You die...

#>.
..........##.
##.##
........#....
#...#
........###.#
#...#
........###.#
#...#
#.......##...
.o.
#>##.........
#o# .
#..........
#.#
#..........
#@#
#..........
##.#
##.........
##.)#
##.).<#...
#..##
#.#.#####
#.## #.#.#
#.# #.#.# #<#
# #...#
##†##.# #.###
##.....#
##.####...


You could see an orc warrior and an orc.

Vanquished Creatures
  A scorpion (D:3)
  2 worker ants (D:4)
  8 adders
  2 worms
  2 dart slugs (D:2)
  4 leopard geckos
  6 orcs
  2 giant cockroaches
  8 goblins
  7 hobgoblins
  18 jackals
  2 ball pythons (D:2)
  4 bats
  6 frilled lizards
  9 kobolds
  6 rats
87 creatures vanquished.

Notes
Turn   | Place    | Note
-------+----------+-------------------------------------------
     0 | Abyss:1  | Esekla the Vine Stalker Abyssal Knight began the quest for
                  | the Orb.
     0 | Abyss:1  | Reached XP level 1. HP: 11/11 MP: 3/3
    21 | Abyss:1  | Found a viscous altar of Jiyva.
    45 | Abyss:1  | Noticed a starcursed mass
    45 | Abyss:1  | Noticed a basilisk
    47 | D:1      | Escaped the Abyss
   491 | D:1      | Reached XP level 2. HP: 14/16 MP: 4/4
   502 | D:1      | Reached skill level 2 in Long Blades
   554 | D:1      | Reached * piety under Lugonu
   756 | D:1      | Reached XP level 3. HP: 20/20 MP: 5/5
  1343 | D:2      | Gained mutation: Your natural rate of healing is unusually
                  | fast. [Vine Stalker growth]
  1343 | D:2      | Reached XP level 4. HP: 19/24 MP: 4/6
  1502 | D:2      | Reached skill level 1 in Spellcasting
  1712 | D:2      | Reached skill level 1 in Dodging
  2151 | D:3      | Found a faded altar of an unknown god.
  2268 | D:3      | Reached skill level 3 in Long Blades
  2313 | D:3      | Reached ** piety under Lugonu
  2377 | D:3      | Reached XP level 5. HP: 24/28 MP: 6/8
  2852 | D:3      | Reached skill level 1 in Shields
  3073 | D:4      | Reached XP level 6. HP: 32/32 MP: 9/9
  3098 | D:4      | Reached skill level 4 in Long Blades
  3223 | D:4      | Noticed an orc warrior
  3241 | D:4      | Mangled by an orc warrior

Illustrated notes

Levels and vault maps discovered:
D:1:      dpeg_arrival_water_fire, layout_rooms, st_stairs_11, minmay_hedge_maze
D:2:      layout_basic
D:3:      layout_loops_ring, chequers_ecumenical_altar_simple,
          kennysheep_flooded_box
D:4:      layout_rooms, minitemple

Skill      XL: |  1  2  3  4  5  6 |
---------------+-------------------+-----
Long Blades    | 2 3 4 |  4.0
Fighting       | 3 |  3.5
Spellcasting   | 1 |  1.8
Dodging        | 1 |  1.1
Shields        | 1 |  1.2
Armour         | 2 |  2.1
Stealth        | |  0.5
Invocations    | |  1.9

Action                   |  1- 3 |  4- 6 || total
-------------------------+-------+-------++-------
Melee: Falchion          |    84 |   201 ||   285
       Bite              |    19 |    65 ||    84
Invok: Depart the Abyss  |     1 |       ||     1
  Eat: Chunk             |     1 |     7 ||     8
Armor: Leather armour    |    20 |    23 ||    43
       Ring mail         |       |    19 ||    19
Dodge: Dodged            |    40 |    99 ||   139
Block: Buckler           |    16 |    55 ||    71
       Rpst.: Falchion   |    14 |    25 ||    39
